Map: White Rabbit LE

Players

Spaghetty

  • Race: Zerg Zerg
  • League: Platinum
  • Spawn Location: 1:00

DruiD - Winner!

  • Race: Terran Terran
  • League: Master
  • Spawn Location: 7:00

VOD

Have the link to the VOD?

Description

Time

  • Played on: May 15, 2026, 6:09 p.m.
  • Length: 13:51
Show
View Real Time Build Order
Export as new Build Order

Spaghetty Zerg 

Build Orders: Hatch First, Roach Hydra 

Get SALT Encoding   

  12  0:01  Drone  
  13  0:08  Drone  
  14  0:16  Extractor, Drone  
  15  0:21  Overlord  
  15  0:45  Hatchery  
  15  0:48  Drone  
  15  0:52  Drone  
  15  0:56  Drone  
  17  0:59  Drone  
  18  1:23  Spawning Pool  
  18  1:25  Drone x2, Extractor  
  18  1:34  Drone  
  19  1:43  Overlord  
  19  1:54  Drone  
  20  1:57  Drone  
  21  2:04  Drone  
  22  2:08  Drone  
  22  2:11  Queen x2  
  27  2:16  Zergling x2  
  27  2:19  Zergling x2  
  29  2:26  Zergling x2  
  31  2:30  Drone  
  31  2:47  Hatchery  
  31  2:48  Spine Crawler  
  28  3:07  Overlord x2  
  28  3:09  Overlord  
  28  3:16  Drone x3  
  31  3:21  Queen  
  33  3:43  Drone x5  
  33  3:44  Drone x4  
  33  3:47  Drone  
  43  3:57  Roach Warren  
  42  4:08  Overlord x2  
  42  4:09  Lair  
  42  4:13  Extractor  
  42  4:15  Extractor  
  40  4:21  Queen  
  40  4:22  Drone x2  
  40  4:23  Drone  
  45  4:30  Drone x4  
  49  4:32  Drone  
  50  4:41  Drone x2  
  50  4:43  Drone x3  
  57  4:45  Roach  
  57  4:47  Roach  
  59  5:01  Extractor  
  59  5:02  Spine Crawler, Roach x2  
  59  5:03  Roach x2  
  62  5:19  Zergling x2  
  62  5:20  Zergling x14  
  62  5:21  Zergling x6  
  70  5:38  Roach x2  
  70  5:39  Glial Reconstitution  
  70  5:40  Overlord  
  70  5:41  Overlord x2  
  70  5:42  Overseer  
  74  5:46  Metabolic Boost  
  74  6:04  Hydralisk Den  
  74  6:07  Infestation Pit  
  74  6:09  Drone, Extractor  
  74  6:10  Drone x4  
  76  6:11  Drone x2  
  76  6:12  Drone  
  76  6:13  Roach  
  76  6:14  Roach  
  76  6:17  Roach  
  85  6:31  Drone  
  85  6:32  Drone x2  
  88  6:33  Drone x5  
  93  6:42  Evolution Chamber  
  93  6:43  Drone x2  
  93  6:44  Drone  
  93  6:45  Evolution Chamber  
  94  6:47  Grooved Spines  
  94  6:51  Hydralisk  
  96  7:09  Spine Crawler  
  96  7:11  Spine Crawler  
  96  7:12  Hydralisk x2  
  96  7:14  Overlord x3  
  96  7:15  Overseer  
  98  7:16  Overseer  
  98  7:30  Overlord x2  
  98  7:31  Overlord x3  
  98  7:41  Zerg Missile Weapons Level 1  
  98  7:42  Zerg Ground Armor Level 1  
  98  7:43  Hydralisk x2  
  92  8:15  Drone x3  
  92  8:16  Drone  
  92  8:17  Drone x2  
  92  8:18  Drone x4  
  102  8:20  Spine Crawler  
  102  8:21  Spine Crawler  
  102  8:23  Hydralisk Den  
  102  8:26  Infestor x2  
  101  8:27  Infestor  
  101  8:33  Drone x5  
  110  8:34  Drone  
  91  9:19  Hydralisk x5  
  91  9:20  Hydralisk x5  
  91  9:22  Hatchery  
  110  9:34  Spine Crawler x2  
  110  9:38  Drone x2  
  110  9:41  Muscular Augments  
  110  9:42  Zerg Missile Weapons Level 2  
  110  9:48  Zerg Ground Armor Level 2  
  103  10:16  Hatchery  
  103  10:17  Zergling x2  
  103  10:18  Drone, Zergling x14  
  111  10:28  Spine Crawler  
  110  11:01  Roach  
  110  11:02  Roach x5  
  122  11:13  Pneumatized Carapace  
  122  11:14  Hatchery  
  121  11:19  Zergling x2  
  121  11:20  Zergling x2  
  123  11:28  Hatchery  
  104  11:53  Neural Parasite  
  98  12:20  Drone x6  
  98  12:21  Drone x3  
  107  12:32  Roach x3  
  113  12:42  Baneling Nest  
Show
View Real Time Build Order
Export as new Build Order

DruiD Terran - Winner!

Build Orders: Reaper Expand 

Get SALT Encoding   

  12  0:00  SCV  
  13  0:12  SCV  
  14  0:17  Supply Depot  
  14  0:24  SCV  
  15  0:38  SCV  
  15  0:40  Barracks  
  16  0:45  Refinery  
  16  0:50  SCV  
  17  1:02  SCV  
  18  1:14  SCV  
  18  1:26  Command Center  
  18  1:30  SCV  
  19  1:37  Reaper  
  20  1:46  Orbital Command  
  20  1:54  Supply Depot  
  20  2:07  Barracks  
  20  2:14  SCV  
  21  2:16  Barracks Reactor  
  21  2:25  Barracks  
  21  2:28  SCV  
  22  2:40  SCV  
  22  2:41  Orbital Command  
  23  2:52  SCV  
  24  3:01  Marine x2  
  25  3:07  Barracks Tech Lab  
  25  3:11  Refinery, SCV x2  
  27  3:13  Barracks Reactor  
  27  3:20  Bunker  
  27  3:21  Marine x2  
  29  3:32  Marine  
  29  3:34  Stimpack  
  30  3:35  SCV  
  30  3:36  SCV  
  30  3:39  Marine x2  
  34  3:48  SCV x2  
  36  3:50  Marine  
  36  3:53  Supply Depot x2  
  37  3:56  Marine  
  37  3:57  Marine  
  39  4:03  SCV x2  
  39  4:08  Marine x2  
  39  4:09  Marine  
  44  4:15  SCV x2, Factory  
  46  4:21  Engineering Bay  
  46  4:24  Marine x2  
  46  4:26  Marine  
  49  4:36  SCV x2  
  51  4:38  Refinery  
  51  4:46  Supply Depot  
  51  4:48  SCV x2, Terran Infantry Weapons Level 1  
  53  5:00  SCV  
  52  5:10  Marine x2  
  52  5:11  Marine  
  52  5:13  Combat Shield  
  54  5:24  Factory Reactor  
  54  5:25  Marine x2  
  54  5:26  SCV, Starport  
  54  5:28  Marine x3  
  50  5:38  SCV  
  51  5:43  Marauder  
  51  5:49  Command Center  
  53  5:50  Barracks x2  
  53  5:51  SCV  
  53  5:56  Supply Depot  
  54  5:57  Supply Depot  
  54  6:03  SCV  
  55  6:06  Barracks  
  55  6:12  Factory Tech Lab  
  55  6:13  Marauder  
  55  6:14  Medivac x2  
  55  6:17  SCV x2  
  63  6:20  Refinery  
  63  6:30  Marine  
  63  6:31  Marine x3  
  63  6:32  Concussive Shells  
  67  6:34  Marauder  
  69  6:41  Siege Tank  
  69  6:43  Terran Infantry Armor Level 1  
  72  6:48  Marine  
  72  6:49  SCV  
  72  6:50  SCV  
  75  6:56  Marauder  
  75  6:59  Marine x3  
  75  7:01  Barracks Tech Lab  
  80  7:02  Medivac x2  
  84  7:13  Siege Tank  
  87  7:15  Engineering Bay  
  87  7:17  Marauder  
  87  7:18  Armory  
  87  7:22  Marine  
  92  7:23  Marauder, Supply Depot  
  92  7:24  Supply Depot  
  92  7:29  Marine x2  
  94  7:40  SCV x3  
  97  7:45  Marine x2, Marauder  
  101  8:09  Siege Tank, Medivac  
  101  8:10  Medivac  
  108  8:13  Planetary Fortress  
  108  8:14  SCV x2  
  108  8:17  Marine x2  
  108  8:18  Marine, Marauder x2  
  117  8:29  Marine  
  117  8:31  Supply Depot x2  
  117  8:33  Supply Depot  
  118  8:35  Marine x2  
  118  8:36  Supply Depot  
  118  8:37  Refinery  
  118  8:38  Refinery  
  108  9:03  Marine x2  
  108  9:04  Marine, Marauder, Siege Tank, Medivac  
  118  9:13  Marine, Marauder  
  118  9:14  Medivac  
  123  9:17  Terran Infantry Weapons Level 2  
  123  9:19  Terran Vehicle Weapons Level 1  
  123  9:21  Marine  
  124  9:34  Medivac  
  124  9:36  Siege Tank  
  129  9:41  Command Center  
  126  10:09  Marine x4, Marauder x2  
  126  10:10  Siege Tank, Medivac x2  
  135  10:19  SCV x2  
  135  10:21  SCV  
  138  10:27  Marine x2  
  140  10:31  Marauder, SCV  
  140  10:34  Marine x2  
  140  10:35  Marauder  
  147  10:41  Terran Infantry Armor Level 2  
  147  10:44  Marine x2  
  149  10:51  Marine  
  141  10:59  Marine x2, Marauder  
  141  11:00  Siege Tank, Medivac x2  
  141  11:02  Marine x2  
  154  11:10  Marauder  
  156  11:11  Barracks  
  156  11:12  Barracks  
  156  11:17  Marine x2  
  158  11:26  Terran Vehicle Weapons Level 2, Factory  
  154  11:38  Marine x3, Marauder  
  156  12:11  Marine x3, Marauder  
  156  12:12  Marine x4  
  159  12:17  SCV x2  
  159  12:18  SCV  
  161  12:29  Marine x4  
  164  12:30  Marauder  
  164  12:32  Supply Depot  
  167  12:55  Supply Depot  
  163  13:18  Supply Depot  
  159  13:25  Marine x5, Marauder  
  159  13:26  Marauder, Barracks Tech Lab  
  149  13:40  Supply Depot  
Tags
 
Add a new tag
Caveats
  • Supply blocks, unpowered buildings, or Contaminate may cause inaccurate times.
  • Supply counts are checked every 10 seconds.